[Event "2nd Summer Festival Belgrade GM 2019"]
[Site "Belgrade"]
[Date "2019.06.25"]
[Round "2.5"]
[White "Nandhidhaa, P V"]
[Black "Liu, Zhaoqi"]
[Result "1-0"]
[ECO "C04"]
[WhiteElo "2259"]
[BlackElo "2386"]
[Annotator "ChessBase"]
[PlyCount "129"]
[EventDate "2019.06.25"]
[EventType "tourn"]
[EventCountry "SRB"]
[SourceTitle "playchess.com"]
[Source "ChessBase"]
[SourceQuality "1"]
[TimeControl "5400+30"]

1. e4 e6 2. d4 d5 3. Nc3 Nc6 4. Nf3 Nf6 5. e5 Ne4 6. Ne2 f6 7. exf6 Nxf6 8. Ng3 Bd6 9. Bb5 O-O 10. O-O Bd7 11. Re1 Ng4 12. c4 Qf6 13. Bxc6 Bxc6 14. c5 Bxg3 15. hxg3 Qf5 16. Bf4 Qh5 17. Rxe6 g5 18. Re5 Nxe5 19. Bxe5 Rae8 20. Qd2 Rf5 21. Ne1 Rf7 22. f3 Qg6 23. Nd3 Bb5 24. Nf2 b6 25. Rc1 h6 26. b3 Ba6 27. Ng4 Bc8 28. Ne3 c6 29. cxb6 axb6 30. b4 b5 31. Nc2 h5 32. Ne3 Bd7 33. Nd1 h4 34. g4 h3 35. Nf2 hxg2 36. Kxg2 Rh7 37. Nh3 Rxh3 38. Kxh3 Rf8 39. Kg2 Rf7 40. Rh1 Rh7 41. Rxh7 Kxh7 42. Bg3 Kg7 43. Bf2 Qf6 44. Be3 Kg6 45. Qc2+ Kg7 46. Qc1 Kg6 47. Qh1 Qg7 48. Qh2 Kf7 49. Qd6 Kg8 50. Qe5 Qh7 51. Bxg5 Qc2+ 52. Kg3 Qd1 53. Bh6 Qg1+ 54. Kh4 Kf7 55. Kg5 Qc1+ 56. f4 Bxg4 57. Qg7+ Ke6 58. Qf6+ Kd7 59. Kxg4 Qd1+ 60. Kf5 Qd3+ 61. Kg5 Qg3+ 62. Kh5 Qh3+ 63. Kg6 Qg2+ 64. Bg5 Qxa2 65. Qd8+ 1-0

[Event "2nd Summer Festival Belgrade GM 2019"]
[Site "Belgrade"]
[Date "2019.06.25"]
[Round "3.1"]
[White "Lee, Jun Hyeok"]
[Black "Damljanovic, Branko"]
[Result "0-1"]
[ECO "B20"]
[WhiteElo "2386"]
[BlackElo "2468"]
[Annotator "ChessBase"]
[PlyCount "78"]
[EventDate "2019.06.25"]
[EventType "tourn"]
[EventCountry "SRB"]
[SourceTitle "playchess.com"]
[Source "ChessBase"]
[SourceQuality "1"]
[TimeControl "5400+30"]

1. e4 c5 2. b3 e5 3. Bb2 Nc6 4. Bc4 d6 5. Nc3 Nf6 6. d3 Be7 7. Nge2 O-O 8. O-O a6 9. a4 Rb8 10. Qd2 Ne8 11. f4 Nc7 12. a5 Be6 13. Nd1 Bxc4 14. bxc4 Ne6 15. g3 Ned4 16. Bc3 Bf6 17. Ne3 exf4 18. Nxf4 g6 19. Nfd5 Bg7 20. Rab1 Kh8 21. Kh1 f6 22. Rb6 Rf7 23. Qd1 Qf8 24. Nf4 Re8 25. Bd2 f5 26. exf5 Nxf5 27. Nxf5 Rxf5 28. h4 Re7 29. Kg2 Ref7 30. Re1 Be5 31. Re4 Qc8 32. Qg4 Ne7 33. Rb1 Ng8 34. Rb6 Nf6 35. Qh3 Qd7 36. Re2 Nh5 37. Re4 Qa4 38. Rb3 Qa2 39. d4 Qxc2 0-1

[Event "2nd Summer Festival Belgrade GM 2019"]
[Site "Belgrade"]
[Date "2019.06.25"]
[Round "3.2"]
[White "Ernst, Sipke"]
[Black "Yu, Jennifer"]
[Result "1-0"]
[ECO "A11"]
[WhiteElo "2541"]
[BlackElo "2369"]
[Annotator "ChessBase"]
[PlyCount "73"]
[EventDate "2019.06.25"]
[EventType "tourn"]
[EventCountry "SRB"]
[SourceTitle "playchess.com"]
[Source "ChessBase"]
[SourceQuality "1"]
[TimeControl "5400+30"]

1. Nf3 Nf6 2. c4 c6 3. g3 g6 4. b3 Bg7 5. Bb2 O-O 6. Bg2 d5 7. O-O Nbd7 8. Qc2 e6 9. d3 Re8 10. Ne5 Nxe5 11. Bxe5 Nd7 12. Bxg7 Kxg7 13. d4 f5 14. Nd2 Qf6 15. e3 dxc4 16. Nxc4 e5 17. Rad1 e4 18. d5 c5 19. a4 b6 20. f3 exf3 21. Bxf3 Rb8 22. e4 Ne5 23. Bg2 Bd7 24. Bh3 Nf7 25. exf5 g5 26. Rf2 h5 27. Bg2 g4 28. d6 Rbd8 29. a5 b5 30. Nd2 Nxd6 31. Qxc5 a6 32. Nf1 Bxf5 33. Ne3 Re5 34. Nxf5+ Nxf5 35. Qc7+ Re7 36. Qxd8 Re1+ 37. Bf1 1-0

[Event "2nd Summer Festival Belgrade GM 2019"]
[Site "Belgrade"]
[Date "2019.06.25"]
[Round "3.3"]
[White "Liu, Zhaoqi"]
[Black "Chen, Peng"]
[Result "1/2-1/2"]
[ECO "D17"]
[WhiteElo "2386"]
[BlackElo "2328"]
[Annotator "NA"]
[PlyCount "55"]
[EventDate "2019.06.25"]
[EventType "tourn"]
[EventCountry "SRB"]
[SourceTitle "playchess.com"]
[Source "ChessBase"]
[SourceQuality "1"]
[TimeControl "5400+30"]

1. d4 d5 2. c4 c6 3. Nf3 Nf6 4. Nc3 dxc4 5. a4 Bf5 6. Ne5 Nbd7 7. Nxc4 Nb6 8. Ne5 a5 9. f3 Nfd7 10. Nxd7 Nxd7 11. e4 Bg6 12. Be3 e6 13. Be2 Bb4 14. O-O O-O 15. Qb3 Qb8 16. Rad1 Re8 17. Bc4 Kh8 18. Bf2 Bd6 19. g3 Qc7 20. Kg2 Rab8 21. h4 h5 22. Rc1 Rbd8 23. Rfd1 Qb8 24. e5 Bb4 25. Ne4 Kg8 26. Bd3 Nf8 27. Bc4 Nd7 28. Bd3 1/2-1/2

[Event "2nd Summer Festival Belgrade GM 2019"]
[Site "Belgrade"]
[Date "2019.06.25"]
[Round "3.4"]
[White "Batsuren, Dambasuren"]
[Black "Nandhidhaa, P V"]
[Result "0-1"]
[ECO "D37"]
[WhiteElo "2439"]
[BlackElo "2259"]
[Annotator "NA"]
[PlyCount "88"]
[EventDate "2019.06.25"]
[EventType "tourn"]
[EventCountry "SRB"]
[SourceTitle "playchess.com"]
[Source "ChessBase"]
[SourceQuality "1"]
[TimeControl "5400+30"]

1. d4 Nf6 2. c4 e6 3. Nf3 d5 4. Nc3 Be7 5. Bf4 O-O 6. e3 Nbd7 7. Rc1 c5 8. cxd5 Nxd5 9. Bg3 cxd4 10. Nxd4 Nxc3 11. bxc3 Nc5 12. Be2 f6 13. Qc2 e5 14. Nf5 Bxf5 15. Qxf5 Qd7 16. Qxd7 Nxd7 17. Bc4+ Kh8 18. Ke2 Rac8 19. Bd5 Rc7 20. Rhd1 Nb6 21. Bb3 Ba3 22. Rc2 g6 23. h4 Kg7 24. h5 Rfc8 25. Rd3 Bb4 26. Be6 Re8 27. Bb3 Rec8 28. f4 Rxc3 29. Rdxc3 Bxc3 30. Kd3 Ba1 31. Rf2 Rc3+ 32. Kd2 Nc4+ 33. Bxc4 Rxc4 34. Rf1 Bc3+ 35. Kd3 b5 36. fxe5 Bxe5 37. Bf4 Bxf4 38. exf4 gxh5 39. f5 Kh6 40. Re1 Kg5 41. Re7 Ra4 42. Rg7+ Kxf5 43. Rxh7 Kg6 44. Rb7 a6 0-1

[Event "2nd Summer Festival Belgrade GM 2019"]
[Site "Belgrade"]
[Date "2019.06.26"]
[Round "4.1"]
[White "Yu, Jennifer"]
[Black "Damjanovic, Vuk"]
[Result "1-0"]
[ECO "A10"]
[WhiteElo "2369"]
[BlackElo "2283"]
[Annotator "NA"]
[PlyCount "71"]
[EventDate "2019.06.26"]
[EventType "tourn"]
[EventCountry "SRB"]
[SourceTitle "playchess.com"]
[Source "ChessBase"]
[SourceQuality "1"]
[TimeControl "5400+30"]

1. Nf3 e6 2. c4 f5 3. g3 Nf6 4. Bg2 d5 5. O-O Be7 6. b3 O-O 7. Bb2 a5 8. Nc3 c6 9. d3 Re8 10. Re1 d4 11. Na4 Bb4 12. Rf1 e5 13. e3 dxe3 14. Nxe5 exf2+ 15. Rxf2 Rxe5 16. Bxe5 Ng4 17. Bb2 Nxf2 18. Kxf2 Nd7 19. d4 Bd6 20. d5 c5 21. Nc3 Be5 22. Qe2 Qf6 23. Re1 Bd4+ 24. Kf1 Nf8 25. Na4 Bxb2 26. Qxb2 Qxb2 27. Nxb2 Bd7 28. d6 Ra6 29. Bd5+ Kh8 30. Nd3 b6 31. Re7 g6 32. Rf7 Kg8 33. Rxd7+ Kh8 34. Rf7 a4 35. Rxf8+ Kg7 36. Rf7+ 1-0

[Event "2nd Summer Festival Belgrade GM 2019"]
[Site "Belgrade"]
[Date "2019.06.26"]
[Round "4.4"]
[White "Nandhidhaa, P V"]
[Black "Abramovic, Bosko"]
[Result "0-1"]
[ECO "B90"]
[WhiteElo "2259"]
[BlackElo "2353"]
[Annotator "NA"]
[PlyCount "114"]
[EventDate "2019.06.26"]
[EventType "tourn"]
[EventCountry "SRB"]
[SourceTitle "playchess.com"]
[Source "ChessBase"]
[SourceQuality "1"]
[TimeControl "5400+30"]

1. e4 c5 2. Nf3 d6 3. d4 cxd4 4. Nxd4 Nf6 5. Nc3 a6 6. Nb3 Nbd7 7. g4 h6 8. Bg2 Ne5 9. h3 g5 10. Qe2 e6 11. Be3 b5 12. O-O-O Bd7 13. f4 gxf4 14. Bxf4 Rc8 15. Qf2 Be7 16. Kb1 Qc7 17. Rc1 Nc4 18. Rhf1 b4 19. Ne2 e5 20. g5 Nh5 21. Bg3 Be6 22. gxh6 a5 23. Bf3 Rxh6 24. Bh4 a4 25. Bxe7 Qxe7 26. Bxh5 Rxh5 27. Ng3 Rxh3 28. Nf5 Bxf5 29. exf5 Qb7 30. Nd2 Na3+ 31. bxa3 bxa3+ 32. Nb3 Qb4 33. Qg2 Qc3 34. Qg8+ Kd7 35. Qxf7+ Kc6 36. Qc4+ Qxc4 37. Na5+ Kc5 38. Nxc4 Rb8+ 39. Ka1 Kxc4 40. f6 Rf8 41. Rce1 Kd5 42. c4+ Ke6 43. Rd1 Rc3 44. Kb1 Rxc4 45. Rd3 e4 46. Rxa3 Rxf6 47. Rc1 Rxc1+ 48. Kxc1 d5 49. Rxa4 Ke5 50. Ra5 Rf2 51. a4 e3 52. Kd1 Ra2 53. Ra8 Ke4 54. Rb8 Rxa4 55. Rb3 Ra2 56. Ke1 d4 57. Rb8 Ra1+ 0-1

[Event "2nd Summer Festival Belgrade GM 2019"]
[Site "Belgrade"]
[Date "2019.06.26"]
[Round "4.6"]
[White "Ernst, Sipke"]
[Black "Liu, Zhaoqi"]
[Result "1/2-1/2"]
[ECO "A30"]
[WhiteElo "2541"]
[BlackElo "2386"]
[Annotator "ChessBase"]
[PlyCount "20"]
[EventDate "2019.06.26"]
[EventType "tourn"]
[EventCountry "SRB"]
[SourceTitle "playchess.com"]
[Source "ChessBase"]
[SourceQuality "1"]
[TimeControl "5400+30"]

1. Nf3 Nf6 2. c4 c5 3. b3 d5 4. cxd5 Nxd5 5. Bb2 Nc6 6. e3 Ndb4 7. d3 Bf5 8. e4 Bg4 9. a3 Bxf3 10. gxf3 Na6 1/2-1/2

[Event "2nd Summer Festival Belgrade GM 2019"]
[Site "Belgrade"]
[Date "2019.06.27"]
[Round "5.3"]
[White "Abramovic, Bosko"]
[Black "Chen, Peng"]
[Result "0-1"]
[ECO "A46"]
[WhiteElo "2353"]
[BlackElo "2328"]
[Annotator "RC"]
[PlyCount "84"]
[EventDate "2019.06.26"]
[EventType "tourn"]
[EventCountry "SRB"]
[SourceTitle "playchess.com"]
[Source "ChessBase"]
[SourceQuality "1"]
[TimeControl "5400+30"]

1. d4 Nf6 2. Nf3 c5 3. c3 Qc7 4. g3 d6 5. Bg2 g6 6. O-O Bg7 7. Re1 Bf5 8. Nbd2 cxd4 9. Nxd4 Bd7 10. c4 Nc6 11. Nb5 Qc8 12. Nc3 Bh3 13. b3 h5 14. Bh1 h4 15. Bb2 Ne5 16. Nf3 hxg3 17. hxg3 Bf1 18. Ng5 Qf5 19. Rxf1 Qxg5 20. Bg2 Nfg4 21. Qd5 Qh5 22. Rfd1 Qh2+ 23. Kf1 Nxf2 24. Qxb7 O-O 25. Kxf2 Ng4+ 26. Kf3 Be5 27. Ne4 f5 28. Qd5+ Kg7 29. Bxe5+ Nxe5+ 30. Ke3 Ng4+ 31. Kd2 Qh6+ 32. Kc3 fxe4 33. Qxe4 Ne5 34. Rh1 Qg5 35. Rh4 Qxg3+ 36. Bf3 Rh8 37. Rg4 Nxg4 38. Qxe7+ Kg8 39. Rg1 Qe5+ 40. Qxe5 Nxe5 41. Bxa8 Kg7 42. Kd4 Rxa8 0-1

[Event "2nd Summer Festival Belgrade GM 2019"]
[Site "Belgrade"]
[Date "2019.06.27"]
[Round "5.5"]
[White "Salimova, Nurgyul"]
[Black "Strikovic, Aleksa"]
[Result "1-0"]
[ECO "C41"]
[WhiteElo "2416"]
[BlackElo "2503"]
[Annotator "RC"]
[PlyCount "35"]
[EventDate "2019.06.26"]
[EventType "tourn"]
[EventCountry "SRB"]
[SourceTitle "playchess.com"]
[Source "ChessBase"]
[SourceQuality "1"]
[TimeControl "5400+30"]

1. e4 d6 2. d4 Nf6 3. Nc3 e5 4. Nf3 Nbd7 5. g4 Nxg4 6. Rg1 Ngf6 7. Bc4 exd4 8. Qxd4 c6 9. Bf4 Nc5 10. e5 Qe7 11. O-O-O dxe5 12. Bxe5 Be6 13. Ng5 Ncd7 14. Rge1 O-O-O 15. Bxe6 fxe6 16. Qxa7 Nxe5 17. Qa8+ Kc7 18. Nxe6+ 1-0

[Event "2nd Summer Festival Belgrade GM 2019"]
[Site "Belgrade"]
[Date "2019.06.27"]
[Round "6.1"]
[White "Yu, Jennifer"]
[Black "Damljanovic, Branko"]
[Result "0-1"]
[ECO "E62"]
[WhiteElo "2369"]
[BlackElo "2468"]
[Annotator "RC"]
[PlyCount "156"]
[EventDate "2019.06.25"]
[EventType "tourn"]
[EventCountry "SRB"]
[SourceTitle "playchess.com"]
[Source "ChessBase"]
[SourceQuality "1"]
[TimeControl "5400+30"]

1. c4 g6 2. Nc3 Bg7 3. g3 Nf6 4. Bg2 O-O 5. d4 d6 6. Nf3 Nc6 7. O-O Bf5 8. d5 Na5 9. Nd2 Ne8 10. e4 Bd7 11. Qc2 c6 12. Rb1 Rc8 13. Qd3 cxd5 14. Nxd5 e6 15. Ne3 Nc6 16. a3 Qe7 17. f4 Nf6 18. b4 Rfd8 19. Bb2 Be8 20. g4 h6 21. h4 g5 22. hxg5 hxg5 23. b5 gxf4 24. bxc6 fxe3 25. Bxf6 Bxf6 26. Rxb7 Qf8 27. Rxf6 Qg7 28. Rf1 exd2 29. Qxd2 Rxc6 30. Rb5 e5 31. Rf5 Kf8 32. c5 Rcc8 33. c6 Rxc6 34. Rb7 Rb6 35. Rxa7 Bd7 36. Rf1 Be6 37. g5 Kg8 38. Rf6 Re8 39. Qe3 Rb3 40. Rxe6 Rxe3 41. Rxe8+ Kh7 42. Kf2 Rd3 43. Bf3 Qg6 44. Bg4 Qxe4 45. Rxf7+ Kg6 46. Bf5+ Qxf5+ 47. Rxf5 Kxf5 48. a4 Kxg5 49. a5 Kf5 50. Rd8 Ke6 51. a6 Ra3 52. Ra8 Kd7 53. Ke2 Kc7 54. Kd2 e4 55. a7 d5 56. Ke2 Ra5 57. Ke3 Kb7 58. Rd8 Kxa7 59. Kd4 Kb7 60. Rd6 Kc7 61. Rh6 Rb5 62. Rg6 Kb7 63. Rd6 Ka7 64. Rh6 Rb6 65. Rh7+ Rb7 66. Rh1 Rd7 67. Rb1 Ka6 68. Rb2 Rd8 69. Rb1 Ka5 70. Rb2 Ka4 71. Rb1 Ka3 72. Rb7 Ka2 73. Rb6 Re8 74. Kc3 d4+ 75. Kxd4 e3 76. Ra6+ Kb2 77. Kd3 e2 78. Rb6+ Ka3 0-1

[Event "2nd Summer Festival Belgrade GM 2019"]
[Site "Belgrade"]
[Date "2019.06.27"]
[Round "6.2"]
[White "Strikovic, Aleksa"]
[Black "Damjanovic, Vuk"]
[Result "1/2-1/2"]
[ECO "D11"]
[WhiteElo "2503"]
[BlackElo "2283"]
[Annotator "ChessBase"]
[PlyCount "88"]
[EventDate "2019.06.25"]
[EventType "tourn"]
[EventCountry "SRB"]
[SourceTitle "playchess.com"]
[Source "ChessBase"]
[SourceQuality "1"]
[TimeControl "5400+30"]

1. Nf3 Nf6 2. g3 d5 3. Bg2 Bg4 4. c4 c6 5. Qb3 Qb6 6. Nc3 e6 7. d4 Nbd7 8. O-O Be7 9. Rd1 O-O 10. Bf4 Ne4 11. Nxe4 dxe4 12. Nd2 Bxe2 13. Re1 Bd3 14. Nxe4 Qxb3 15. axb3 Bb4 16. Bd2 Bxd2 17. Nxd2 Nf6 18. Re3 Bg6 19. b4 Rad8 20. Nb3 a6 21. Rc1 Ne8 22. g4 h5 23. h3 hxg4 24. hxg4 Nf6 25. Bf3 Rd6 26. Kg2 Rfd8 27. Kg3 Kf8 28. Bg2 Ne8 29. f4 Nc7 30. Kf2 f6 31. Kg3 Bf7 32. Rcc3 Bg6 33. Kf2 Kf7 34. Re1 Bh7 35. Bf3 Bg6 36. Kg3 Kf8 37. Rce3 Rb8 38. Be4 Bxe4 39. Rxe4 b6 40. f5 exf5 41. gxf5 Rd7 42. Kf3 Re8 43. Rxe8+ Nxe8 44. Kf4 Re7 1/2-1/2

[Event "2nd Summer Festival Belgrade GM 2019"]
[Site "Belgrade"]
[Date "2019.06.27"]
[Round "6.3"]
[White "Nandhidhaa, P V"]
[Black "Salimova, Nurgyul"]
[Result "1/2-1/2"]
[ECO "C48"]
[WhiteElo "2259"]
[BlackElo "2416"]
[Annotator "NA"]
[PlyCount "86"]
[EventDate "2019.06.25"]
[EventType "tourn"]
[EventCountry "SRB"]
[SourceTitle "playchess.com"]
[Source "ChessBase"]
[SourceQuality "1"]
[TimeControl "5400+30"]

1. e4 e5 2. Nf3 Nc6 3. Nc3 Nf6 4. Bb5 Bd6 5. d3 a6 6. Ba4 O-O 7. a3 Nd4 8. Bg5 c6 9. O-O Nxf3+ 10. Qxf3 Be7 11. Bb3 d6 12. Nd1 Bg4 13. Qg3 Bxd1 14. Rfxd1 Nh5 15. Bxe7 Qxe7 16. Qf3 Nf6 17. Re1 Rad8 18. Qf5 Nd7 19. Re3 g6 20. Qg4 Kh8 21. Rh3 Kg7 22. Re1 Nc5 23. Ba2 Ne6 24. c3 Nf4 25. Rhe3 h5 26. Qf3 Rh8 27. g3 Ne6 28. h4 Rhe8 29. Qd1 Qc7 30. R1e2 Qb6 31. Rd2 Nc5 32. b4 Nd7 33. Rf3 Re7 34. Qb3 Nf6 35. d4 Qc7 36. dxe5 dxe5 37. Rxd8 Qxd8 38. Qc4 Rd7 39. Kg2 Qe8 40. Qe2 Qd8 41. Qc4 Qe8 42. Qe2 Qd8 43. Qc4 Qe8 1/2-1/2

[Event "2nd Summer Festival Belgrade GM 2019"]
[Site "Belgrade"]
[Date "2019.06.27"]
[Round "6.4"]
[White "Chen, Peng"]
[Black "Lee, Jun Hyeok"]
[Result "1/2-1/2"]
[ECO "C70"]
[WhiteElo "2328"]
[BlackElo "2386"]
[Annotator "NA"]
[PlyCount "114"]
[EventDate "2019.06.25"]
[EventType "tourn"]
[EventCountry "SRB"]
[SourceTitle "playchess.com"]
[Source "ChessBase"]
[SourceQuality "1"]
[TimeControl "5400+30"]

1. e4 e5 2. Nf3 Nc6 3. Bb5 a6 4. Ba4 b5 5. Bb3 Na5 6. d4 exd4 7. Qxd4 Ne7 8. Bd2 Nxb3 9. axb3 Nc6 10. Qd5 Bb7 11. O-O Be7 12. Nd4 Nxd4 13. Qxd4 O-O 14. Bc3 f6 15. Ba5 d5 16. exd5 Qxd5 17. Qxd5+ Bxd5 18. Nc3 Bf7 19. Rfd1 Rfd8 20. b4 Rxd1+ 21. Rxd1 c5 22. bxc5 Bxc5 23. Nd5 Bh5 24. Nxf6+ gxf6 25. Rd5 Bxf2+ 26. Kxf2 Bg4 27. Rd6 Kf7 28. h3 Be6 29. Rb6 Rc8 30. c3 Ra8 31. Rb7+ Kg6 32. Re7 Bc4 33. Ke3 Rc8 34. Bc7 Rf8 35. g3 Rf7 36. Rxf7 Kxf7 37. Kd4 Ke6 38. Kc5 Kd7 39. Ba5 Bf1 40. h4 h5 41. Kb6 Be2 42. Bb4 f5 43. Kxa6 Kc6 44. Ka5 Bd1 45. Bf8 Be2 46. Kb4 Bf1 47. Bc5 Be2 48. Be3 Bf1 49. b3 Be2 50. c4 bxc4 51. bxc4 Bg4 52. Kc3 Bf3 53. Kd4 Bg4 54. Ke5 Be2 55. c5 Bg4 56. Kf4 Bd1 57. Kxf5 Bg4+ 1/2-1/2

[Event "2nd Summer Festival Belgrade GM 2019"]
[Site "Belgrade"]
[Date "2019.06.27"]
[Round "6.5"]
[White "Ernst, Sipke"]
[Black "Abramovic, Bosko"]
[Result "1/2-1/2"]
[ECO "A13"]
[WhiteElo "2541"]
[BlackElo "2353"]
[Annotator "ChessBase"]
[PlyCount "119"]
[EventDate "2019.06.25"]
[EventType "tourn"]
[EventCountry "SRB"]
[SourceTitle "playchess.com"]
[Source "ChessBase"]
[SourceQuality "1"]
[TimeControl "5400+30"]

1. Nf3 Nf6 2. c4 e6 3. g3 d5 4. Bg2 dxc4 5. Qa4+ Nbd7 6. Qxc4 a6 7. Qc2 Rb8 8. a4 b6 9. O-O Bb7 10. Nc3 c5 11. Rd1 Rc8 12. d3 Bd6 13. e4 O-O 14. Qe2 e5 15. Bh3 Rc7 16. Nd2 h6 17. Nc4 Qe7 18. Ne3 Re8 19. Nf5 Qf8 20. Qf3 Kh8 21. Be3 Be7 22. Rac1 Bd8 23. Qe2 Ng8 24. Qd2 Kh7 25. a5 b5 26. Nd5 Bxd5 27. exd5 g6 28. d6 Rb7 29. b4 cxb4 30. Qxb4 gxf5 31. Bxf5+ Kh8 32. Qe4 Rb8 33. Bxd7 Nf6 34. Qf5 Nxd7 35. Qxd7 Bxa5 36. Bc5 Bb6 37. d4 exd4 38. Bxd4+ Bxd4 39. Rxd4 Rbd8 40. Qb7 Rxd6 41. Rxd6 Qxd6 42. Qxf7 Rf8 43. Qa2 b4 44. h4 Qd4 45. Rf1 Qf6 46. Qd5 Qb6 47. Qe5+ Kg8 48. Qd5+ Rf7 49. Qd2 a5 50. Re1 b3 51. Re8+ Kg7 52. Qb2+ Qf6 53. Qe2 h5 54. Re5 a4 55. Rb5 Re7 56. Qd2 Re5 57. Qd7+ Re7 58. Qd2 Re5 59. Rb7+ Re7 60. Rb5 1/2-1/2

[Event "2nd Summer Festival Belgrade GM 2019"]
[Site "Belgrade"]
[Date "2019.06.27"]
[Round "6.6"]
[White "Liu, Zhaoqi"]
[Black "Batsuren, Dambasuren"]
[Result "1/2-1/2"]
[ECO "A29"]
[WhiteElo "2386"]
[BlackElo "2439"]
[Annotator "NA"]
[PlyCount "89"]
[EventDate "2019.06.25"]
[EventType "tourn"]
[EventCountry "SRB"]
[SourceTitle "playchess.com"]
[Source "ChessBase"]
[SourceQuality "1"]
[TimeControl "5400+30"]

1. c4 Nf6 2. Nc3 e5 3. g3 d5 4. cxd5 Nxd5 5. Bg2 Nb6 6. Nf3 Nc6 7. O-O Be7 8. d3 O-O 9. Be3 Be6 10. Rc1 f5 11. a3 Kh8 12. b4 a6 13. Nd2 Nd5 14. Nxd5 Bxd5 15. Bxd5 Qxd5 16. Bc5 Bxc5 17. Rxc5 Qd7 18. Nf3 Qe7 19. d4 exd4 20. Nxd4 Nxd4 21. Qxd4 c6 22. Qe5 Qd7 23. e3 Rae8 24. Qc3 Rf6 25. Qc2 Rd8 26. Re5 h6 27. Rc1 Rf7 28. h4 Re8 29. Rxe8+ Qxe8 30. Qc5 Qe6 31. Rc4 Rd7 32. Rf4 Rd5 33. Qf8+ Kh7 34. h5 a5 35. Kg2 axb4 36. axb4 b6 37. Qb8 c5 38. bxc5 Rxc5 39. Qb7 Rd5 40. Rb4 b5 41. Rxb5 Qe4+ 42. Kh2 Rxb5 43. Qxb5 Qf3 44. Kg1 Qxh5 45. Kg2 1/2-1/2

[Event "2nd Summer Festival Belgrade GM 2019"]
[Site "Belgrade"]
[Date "2019.06.28"]
[Round "7.2"]
[White "Abramovic, Bosko"]
[Black "Liu, Zhaoqi"]
[Result "1-0"]
[ECO "A05"]
[WhiteElo "2353"]
[BlackElo "2386"]
[Annotator "NA"]
[PlyCount "101"]
[EventDate "2019.06.25"]
[EventType "tourn"]
[EventCountry "SRB"]
[SourceTitle "playchess.com"]
[Source "ChessBase"]
[SourceQuality "1"]
[TimeControl "5400+30"]

1. Nf3 Nf6 2. g3 c5 3. Bg2 g6 4. O-O Bg7 5. c3 Qc7 6. d4 d6 7. Re1 Bf5 8. Nh4 Be4 9. d5 Bxg2 10. Nxg2 O-O 11. e4 b5 12. a4 bxa4 13. Nd2 Nbd7 14. Rxa4 Nb6 15. Ra2 a5 16. Qe2 Nfd7 17. Ne3 a4 18. h4 h5 19. Ndc4 Nxc4 20. Nxc4 Nb6 21. Bg5 Rfe8 22. Rea1 Rab8 23. Nxb6 Qxb6 24. Bc1 e6 25. dxe6 Rxe6 26. Rxa4 Rbe8 27. Bf4 Qb7 28. Ra7 Qb3 29. R1a3 Qb6 30. R3a6 Qb3 31. Rxd6 Rxe4 32. Qf3 Re1+ 33. Kg2 Bd4 34. Ra8 Bg7 35. Rxe8+ Rxe8 36. Qd5 Qxb2 37. Rd7 Re6 38. Rc7 Qxc3 39. Rc8+ Kh7 40. Qd8 g5 41. Qxg5 Qc4 42. Qxh5+ Rh6 43. Bxh6 Bxh6 44. Qf5+ Kg7 45. Rxc5 Qa6 46. Rc7 Qa2 47. Rc6 Qb2 48. h5 Be3 49. Rc7 Qa2 50. Qxf7+ Qxf7 51. Rxf7+ 1-0

[Event "2nd Summer Festival Belgrade GM 2019"]
[Site "Belgrade"]
[Date "2019.06.28"]
[Round "7.3"]
[White "Lee, Jun Hyeok"]
[Black "Ernst, Sipke"]
[Result "1/2-1/2"]
[ECO "D43"]
[WhiteElo "2386"]
[BlackElo "2541"]
[Annotator "ChessBase"]
[PlyCount "48"]
[EventDate "2019.06.25"]
[EventType "tourn"]
[EventCountry "SRB"]
[SourceTitle "playchess.com"]
[Source "ChessBase"]
[SourceQuality "1"]
[TimeControl "5400+30"]

1. d4 Nf6 2. Nf3 e6 3. c4 d5 4. Nc3 dxc4 5. Qa4+ c6 6. Qxc4 b5 7. Qd3 Nbd7 8. a3 a5 9. e4 b4 10. axb4 Bxb4 11. e5 Nd5 12. Qc2 c5 13. Bd2 Bb7 14. Bd3 Bxc3 15. bxc3 cxd4 16. cxd4 Nb4 17. Bxb4 axb4 18. O-O h6 19. Rxa8 Bxa8 20. Rb1 Bxf3 21. gxf3 O-O 22. Rxb4 Nb6 23. Bh7+ Kh8 24. Be4 Nd5 1/2-1/2

[Event "2nd Summer Festival Belgrade GM 2019"]
[Site "Belgrade"]
[Date "2019.06.28"]
[Round "7.5"]
[White "Damjanovic, Vuk"]
[Black "Nandhidhaa, P V"]
[Result "1/2-1/2"]
[ECO "B47"]
[WhiteElo "2283"]
[BlackElo "2259"]
[Annotator "NA"]
[PlyCount "43"]
[EventDate "2019.06.25"]
[EventType "tourn"]
[EventCountry "SRB"]
[SourceTitle "playchess.com"]
[Source "ChessBase"]
[SourceQuality "1"]
[TimeControl "5400+30"]

1. e4 c5 2. Nf3 e6 3. d4 cxd4 4. Nxd4 Nc6 5. Nc3 Qc7 6. g3 a6 7. Bg2 d6 8. O-O Bd7 9. Nxc6 Bxc6 10. Re1 Nf6 11. Nd5 Bxd5 12. exd5 e5 13. Be3 Be7 14. a4 a5 15. c3 O-O 16. Qb3 Nd7 17. f3 f5 18. Bf2 Bf6 19. Qb5 Rfc8 20. Rab1 Nc5 21. Bf1 Qf7 22. Red1 1/2-1/2

[Event "2nd Summer Festival Belgrade GM 2019"]
[Site "Belgrade"]
[Date "2019.06.28"]
[Round "7.6"]
[White "Damljanovic, Branko"]
[Black "Strikovic, Aleksa"]
[Result "1/2-1/2"]
[ECO "C96"]
[WhiteElo "2468"]
[BlackElo "2503"]
[Annotator "ChessBase"]
[PlyCount "21"]
[EventDate "2019.06.25"]
[EventType "tourn"]
[EventCountry "SRB"]
[SourceTitle "playchess.com"]
[Source "ChessBase"]
[SourceQuality "1"]
[TimeControl "5400+30"]

1. e4 e5 2. Nf3 Nc6 3. Bb5 a6 4. Ba4 Nf6 5. O-O Be7 6. Re1 b5 7. Bb3 O-O 8. h3 d6 9. c3 Na5 10. Bc2 c5 11. d4 1/2-1/2

[Event "2nd Summer Festival Belgrade GM 2019"]
[Site "Belgrade"]
[Date "2019.06.29"]
[Round "8.1"]
[White "Yu, Jennifer"]
[Black "Strikovic, Aleksa"]
[Result "0-1"]
[ECO "E62"]
[WhiteElo "2369"]
[BlackElo "2503"]
[Annotator "ChessBase"]
[PlyCount "72"]
[EventDate "2019.06.25"]
[EventType "tourn"]
[EventCountry "SRB"]
[SourceTitle "playchess.com"]
[Source "ChessBase"]
[SourceQuality "1"]
[TimeControl "5400+30"]

1. d4 Nf6 2. c4 g6 3. Nc3 Bg7 4. g3 O-O 5. Bg2 d6 6. Nf3 Nc6 7. O-O Bf5 8. d5 Na5 9. Nd2 Ne8 10. e4 Bd7 11. Qc2 c6 12. Rb1 cxd5 13. Nxd5 Rc8 14. Qd3 e6 15. Ne3 Nc6 16. a3 a6 17. f4 b5 18. b4 Ne7 19. Bb2 bxc4 20. Ndxc4 Bxb2 21. Rxb2 d5 22. exd5 exd5 23. Nxd5 Nxd5 24. Bxd5 Nf6 25. Ne5 Nxd5 26. Qxd5 Qb6+ 27. Rbf2 Be6 28. Qf3 Rfd8 29. Re1 Bh3 30. g4 Rd2 31. f5 g5 32. Nd3 Qd4 33. Qxh3 Rxd3 34. Qh5 Qf6 35. Rfe2 h6 36. Re7 Rc2 0-1

[Event "2nd Summer Festival Belgrade GM 2019"]
[Site "Belgrade"]
[Date "2019.06.29"]
[Round "8.3"]
[White "Chen, Peng"]
[Black "Damjanovic, Vuk"]
[Result "1-0"]
[ECO "B10"]
[WhiteElo "2328"]
[BlackElo "2283"]
[Annotator "NA"]
[PlyCount "87"]
[EventDate "2019.06.25"]
[EventType "tourn"]
[EventCountry "SRB"]
[SourceTitle "playchess.com"]
[Source "ChessBase"]
[SourceQuality "1"]
[TimeControl "5400+30"]

1. e4 c6 2. Nf3 d5 3. exd5 cxd5 4. Ne5 Nc6 5. d4 Nf6 6. Bb5 Bd7 7. Nxd7 Qxd7 8. c3 e6 9. O-O Bd6 10. Nd2 O-O 11. Qe2 Qc7 12. Nf3 $11 a6 13. Bd3 Bf4 14. Bxf4 Qxf4 15. g3 Qc7 16. Kg2 Rfe8 17. Rfe1 Rab8 18. h4 b5 19. a4 Qb6 20. b4 Rec8 21. Ra3 h6 22. Rea1 Nd7 23. axb5 axb5 24. Kg1 Qb7 25. Ra6 Rc7 26. R6a3 Rcc8 27. Re1 Re8 28. Qa2 Qc7 29. Ra6 Qb7 30. Ra1 Rbd8 31. Bf1 Rb8 32. Ne1 Qc7 33. Nd3 Rec8 34. Bh3 Re8 35. Re1 Nb6 36. Nc5 Nc4 37. Qa1 e5 38. Bd7 Ne7 39. Bxe8 Rxe8 40. dxe5 Nxe5 41. Kg2 Qb8 42. c4 Nxc4 43. Rxe7 Rxe7 44. Ra8 1-0